 Dungeon Crawl Stone Soup version 0.26-a0-572-g753d7e3450 (webtiles) character file.

Game seed: 18019851027016815109

23 ANON1729 the Sneak (level 2, 0/28 HPs)
             Began as a Deep Dwarf Delver on Aug 21, 2020.
             Slain by a hound (1 damage)
             ... on level 3 of the Dungeon.
             The game lasted 00:01:18 (405 turns).

ANON1729 the Sneak (Deep Dwarf Delver)               Turns: 405, Time: 00:01:19

Health: 0/28       AC:  3    Str: 15    XL:     2   Next: 72%
Magic:  2/2        EV: 12    Int: 10    God:
Gold:   33         SH:  0    Dex: 14    Spells: 1/1 levels left

rFire    . . .     SeeInvis .   a - +0 mace
rCold    . . .     Faith    .   (no shield)
rNeg     . . .     Spirit   .   b - +0 leather armour
rPois    .         Reflect  .   (no helmet)
rElec    .         Harm     .   (no cloak)
rCorr    .                      (no gloves)
MR       .....                  (no boots)
Stlth    +++.......             (no amulet)
HPRegen  0.00/turn              (no ring)
MPRegen  0.08/turn              (no ring)

@: non-regenerating
A: damage resistance, heal wounds, sense surroundings 1, no regeneration
a: Heal Wounds


You were on level 3 of the Dungeon.
You visited 1 branch of the dungeon, and saw 3 of its levels.

You collected 33 gold pieces.

Inventory:

Hand Weapons
 a - a +0 mace (weapon)
Armour
 b - a +0 leather armour (worn)
Wands
 g - a wand of digging (3)
Scrolls
 c - a scroll of fog
 d - a scroll of magic mapping
 e - a scroll of fear
 h - a scroll of teleportation {unknown}
 i - a scroll of remove curse {unknown}
Potions
 f - a potion of haste


   Skills:
 + Level 3.0 Fighting
 + Level 2.3 Maces & Flails
 + Level 2.6 Dodging
 + Level 6.3 Stealth


You had one spell level left.
You didn't know any spells.
Your spell library was empty.

Dungeon Overview and Level Annotations

Branches:
Dungeon (5/15)
 Temple: D:4-7

Altars:

Shops:
D:5 *

Annotations:
D:5 2 runed translucent doors, Minion's ghost, weakling MiDe


Innate Abilities, Weirdness & Mutations

You are resistant to damage.
You can heal yourself by infusing magical energy.
You passively map a small area around you.
You do not regenerate.


Message History

The hound misses you. The hound bites you but does no damage.
You hit the hound.
The hound is lightly wounded.
The hound bites you. x2
* * * LOW HITPOINT WARNING * * *
You closely miss the hound.
The hound is lightly wounded.
The hound bites you.
* * * LOW HITPOINT WARNING * * *
The hound pauses to sniff the ground.
The hound barely misses you.
You closely miss the hound.
The hound is lightly wounded.
The hound completely misses you. The hound closely misses you.
You hit the hound.
The hound is lightly wounded.
The hound bites you.
* * * LOW HITPOINT WARNING * * *
The hound bites you.
You die...

* ,,, * * *, *
** , #########
, #...>...# *,
.#.#####.###[#
,
......h@.....#
.#.#####.#####
* *#.# ,..# *
###


You could see a hound.

Vanquished Creatures
  2 adders
  3 jackals (D:5)
5 creatures vanquished.

Notes
Turn   | Place    | Note
-------+----------+-------------------------------------------
     0 | D:5      | ANON1729 the Deep Dwarf Delver began the quest for the Orb.
     0 | D:5      | Reached XP level 1. HP: 20/20 MP: 1/1
    60 | D:5      | Found Oturr's Mayhem Merchandise.
    61 | D:5      | Found a large runed translucent door.
    62 | D:5      | Found a large runed translucent door.
   124 | D:5      | Reached XP level 2. HP: 27/27 MP: 2/2
   179 | D:5      | Noticed Minion's ghost (weakling MiDe)
   202 | D:5      | Noticed an ice beast
   377 | D:4      | Noticed an ogre
   405 | D:3      | HP: 1/28 [hound (4)]
   405 | D:3      | Slain by a hound

Illustrated notes

Levels and vault maps discovered:
D:3:      layout_loops_cross, gammafunk_temple_overflow_wave, marbit_many_paths,
          chequers_ecumenical_altar_twisty, gup_sewer_entry_bowl,
          grunt_decor_fettered
D:4:      layout_layer_cave, kennysheep_little_box, serial_shops,
          nicolae_shop_waterfront, hangedman_feature_mirror
D:5:      layout_basic, ebering_ghost_disaster_area, minmay_shop_mayhem

Skill      XL: |  1  2 |
---------------+-------+-----
Fighting       | 3 |  3.0
Maces & Flails | |  2.3
Dodging        | |  2.6
Stealth        | |  6.3

Action                   || total
-------------------------++-------
Melee: Mace              ||    34
 Abil: Heal Wounds       ||     1
 Stab: Sleeping          ||     2
Armor: Leather armour    ||     8
Dodge: Dodged            ||    27

Table legend: (Time is in decaauts)
 A = Elapsed time spent in this place.
 B = Non-inter-level travel time spent in this place.
 C = Inter-level travel time spent in this place.
 D = Time resting spent in this place.
 E = Time spent auto-exploring this place.
 F = Levels seen in this place.
 G = Mean time per level.
                   A        B        C        D        E       F      G
               +--------+--------+--------+--------+--------+-----+--------+
         Total |    414 |    414 |      0 |    116 |    204 |   3 |  138.0 |
       Dungeon |    414 |    414 |      0 |    116 |    204 |   3 |  138.0 |
               +--------+--------+--------+--------+--------+-----+--------+

Top non-repeatable levels by time:
     D:5: 231 daAuts
     D:4: 165 daAuts
     D:3: 16 daAuts
